Workbook
Name \: #REF!
Name \: #REF!
Name \0: #REF!
Name \0: #REF!
Name \3: #REF!
Name \3: #REF!
Name \A: #REF!
Name \A: #REF!
Name \b: #REF!
Name \b: #REF!
Name \C: #REF!
Name \C: #REF!
Name \D: #REF!
Name \D: #REF!
Name \F: #REF!
Name \F: #REF!
Name \m: #REF!
Name \m: #REF!
Name \p: #N/A
Name \q: #REF!
Name \q: #REF!
Name \s: #REF!
Name \s: #REF!
Name _____________DAT17: #REF!
Name _____________DAT17: #REF!
Name _____________DAT18: #REF!
Name _____________DAT18: #REF!
Name ____________DAT17: #REF!
Name ____________DAT17: #REF!
Name ____________DAT18: #REF!
Name ____________DAT18: #REF!
Name ___________DAT12: '[1]UA.4.4Rebate on Bill discounted'!#REF!
Name ___________DAT12: '[1]UA.4.4Rebate on Bill discounted'!#REF!
Name ___________DAT17: #REF!
Name ___________DAT17: #REF!
Name ___________DAT18: #REF!
Name ___________DAT18: #REF!
Name __________DAT1: '[1]UA.4.4Rebate on Bill discounted'!#REF!
Name __________DAT1: '[1]UA.4.4Rebate on Bill discounted'!#REF!
Name __________DAT12: '[1]UA.4.4Rebate on Bill discounted'!#REF!
Name __________DAT12: '[1]UA.4.4Rebate on Bill discounted'!#REF!
Name __________DAT13: #REF!
Name __________DAT13: #REF!
Name __________DAT14: #REF!
Name __________DAT14: #REF!
Name __________DAT15: #REF!
Name __________DAT15: #REF!
Name __________DAT16: #REF!
Name __________DAT16: #REF!
Name __________DAT17: #REF!
Name __________DAT17: #REF!
Name __________DAT18: #REF!
Name __________DAT18: #REF!
Name _________DAT1: '[1]UA.4.4Rebate on Bill discounted'!#REF!
Name _________DAT1: '[1]UA.4.4Rebate on Bill discounted'!#REF!
Name _________DAT10: #REF!
Name _________DAT10: #REF!
Name _________DAT12: '[1]UA.4.4Rebate on Bill discounted'!#REF!
Name _________DAT12: '[1]UA.4.4Rebate on Bill discounted'!#REF!
Name _________DAT13: #REF!

Sheet Disclosure 36
A1: STC of India Limited
A2: Branch/Division :
A3: Notes to Accounts for the year ended March 31, 2019
A6: 36 | B6: First Time adoption of Ind-AS
B7: Transition from IGAAP to Ind AS
B8: These financial statements, for the year ended March 31, 2018, are first financial statements prepared by company in accordance with Ind AS. For years upto and including the year ended March 31, 2017, the company prepared its financial statements in accordance with IGAAP, including accounting standards notified under the Companies (Accounting Standards) Rules, 2006 (as amended).
B9: Accordingly, the company has prepared Ind AS compliant financial statements for year ending on March 31, 2018. In preparing these financial statements, the company has prepared opening Ind AS balance sheet as at 1st April, 2016 the company's date of transition to Ind-AS in accordance with requirement of Ind AS 101, "First time Adoption of Indian Accounting Standards". The principal adjustments made by the company in restating its IGAAP financial statements, including the balance sheet as at April 1, 2016 and the financial statements as at and for the year ended March 31, 2017 are quantified and explained in the Ind-AS reconciliation statement (36.1 to ______) .However the basic approach adopted is summarized hereunder:
B10: i) | C10: All assets and liabilities have been classified into financial assets/liabilities and non-financial assets/liabilities.
B11: ii) | C11: All non-current financial assets/liabilities at below market rate of interest or zero interest and outstanding as on 1st April, 2016 have been measured at fair value.
B12: iii) | C12: In accordance with Ind AS 101, the resulting adjustments are considered as arising from events and transactions entered before date of transition and recognized directly in the retained earnings at the date of transition to Ind AS.
B13: iv) | C13: The estimates as at April 1, 2016 and at March 31, 2017 are consistent with those made for the same dates in accordance with IGAAP (after adjustments to reflect any differences in accounting policies).
B14: v) | C14: Ind AS 101 also allows first time adopter certain exemptions from the retrospective application of certain requirements under Ind AS. Accordingly, the company has availed the following exemptions/mandatory exceptions as per Ind AS 101:
C16: Exemptions :
B18: a) | C18: Deemed Cost for Property, Plant & Equipment and Intangible Assets:
C19: The company has availed exemption under para D7AA of appendix D to Ind AS 101 which permits a first time adopter to continue with the carrying values for its PPE as at date of transition to Ind ASs measured as per previous GAAP.
B21: b) | C21: Investment in subsidiary, joint ventures and associates:
C22: The company has elected to apply previous GAAP carrying amount of its investment in Subsidiaries, Associate, Joint venture as deemed cost as on the date of transition to Ind AS.
B24: c) | C24: Fair value measurement of financial assets and liabilities at initial recognition:
C25: The Company has financial receivables and payables that are non-derivative financial instruments. Under previous GAAP, these were carried at transactions cost less allowances for impairment, if any. Under Ind AS, these financial assets and liabilities are initially recognized at fair value and subsequently measured at amortized cost, less allowance for impairment, if any. For transactions entered into on or after the date of transition to Ind AS, the requirement of initial recognition at fair value is applied prospectively.
C27: Exceptions:
B29: a) | C29: Classification & measurement of financial assets:
C30: The company has applied para B8C of Appendix B the fair value of financial assets and financial liability at the date of transition to Ind AS assumed to be the new gross carrying amount of the that financial assets or the new amortized cost of that liability at the date of transition to Ind AS.
B34: b) | C34: Impairment of financial assets:
C35: The company has availed exception under para B8D of appendix B which permits the first time adopter to apply the impairment requirement of Ind AS 109 prospectively.

Sheet Reconciliation
A1: ABC Limited
A2: Note 36: Disclosure requirements of Indian Accounting Standards
A4: ='Disclosure 36'!A6+0.1 -> 36.1 | B4: Reconciliation of Equity as at April 1, 2016
G5: (Amount Rs.)
B6: Particulars | D6: Note | E6: Indian Gaap | F6: Adjustments | G6: Ind AS
B7: I | C7: ASSETS
B9: 1 | C9: Non current assets
C10: (a) Property, Plant and Equipment | D10: 4
C11: (b) Capital work-in-progress | D11: 5
C12: (c) Investment property | D12: 6
C13: (d) Other Intangible assets | D13: 7
C14: (e) Financial Assets
C15: (i) Investments | D15: 8
C16: (ii) Trade Receivables | D16: 9
C17: (iii) Loans | D17: 10
C18: (iii) Other Financial Assets | D18: 11
C19: (f) Deferred tax assets (net) | D19: 12
C20: (g) Tax assets (net) | D20: 13
C21: (h) Other non current assets | D21: 14
E22: =SUM(E10:E21) -> 0 | F22: =SUM(F10:F21) -> 0 | G22: =E22+F22 -> 0
B23: 2 | C23: Current assets
C24: (a) Inventories | D24: 15
C25: (b) Financial Assets
C26: (i) Current investments | D26: 8
C27: (ii) Trade receivables | D27: 9
C28: (iii) Cash and cash equivalents | D28: 16
C29: (iv) Bank Balances other (iii) above | D29: 17
C30: (v) Loans | D30: 10
C31: (vi) Other Financial Assets | D31: 11
C32: (c) Tax Assets (net) | D32: 13
C33: (d) Other current assets | D33: 14
E35: =SUM(E24:E33) -> 0 | F35: =SUM(F24:F33) -> 0 | G35: =E35+F35 -> 0
C37: Total | E37: =E22+E35 -> 0 | F37: =F22+F35 -> 0 | G37: =E37+F37 -> 0
B39: I. | C39: EQUITY AND LIABILITIES
C41: Equity
C42: (a) Equity Share capital | D42: 18
C43: (b) Other Equity | D43: 19
E45: =SUM(E42:E43) -> 0 | F45: =F42+F43 -> 0 | G45: =G42+G43 -> 0
C46: LIABILITIES
B48: =+B41+1 -> 1 | C48: Non- current liabilities
C49: (a) Financial Liabilities
C50: (i) Borrowings | D50: 20
C51: (ii) Trade Payables | D51: 21
C52: (iii) Other financial liabilities | D52: 22
C53: (b) Other non-current liabilities | D53: 23
C54: (c) Deferred tax liabilities (Net) | D54: 12
C55: (d) Tax liabilities (Net) | D55: 13
C56: (e) Provisions | D56: 24
E58: =SUM(E50:E54) -> 0 | F58: =SUM(F50:F57) -> 0 | G58: =SUM(G50:G54) -> 0
B59: =B48+1 -> 2 | C59: Current liabilities
C60: (a) Financial Liabilities
C61: (i) Borrowings | D61: 20
C62: (ii) Trade Payables | D62: 21
C63: (iii) Other financial liabilities | D63: 22
C64: (b) Other current liabilities | D64: 23
C65: (c ) Tax liabilities (Net) | D65: 13
C66: (d) Provisions | D66: 24
E67: =SUM(E62:E65) -> 0 | F67: =SUM(F62:F65) -> 0 | G67: =SUM(G62:G65) -> 0
C69: Total | E69: =E45+E58+E67 -> 0 | F69: 0 | G69: =G45+G58+G67 -> 0
A71: =A4+0.1 -> 36.2 | B71: Reconciliation of Equity as at March 31, 2017
B73: Particulars | D73: Note | E73: Indian Gaap | F73: Adjustments | G73: Ind AS
B74: I | C74: ASSETS
B76: 1 | C76: Non current assets
C77: (a) Property, Plant and Equipment | D77: 4
C78: (b) Capital work-in-progress | D78: =D77+1 -> 5
C79: (c) Investment property | D79: =D78+1 -> 6
C80: (d) Other Intangible assets | D80: =D79+1 -> 7
C81: (e) Financial Assets
C82: (i) Investments | D82: 8
C83: (ii) Trade Receivables | D83: =D82+1 -> 9
C84: (iii) Loans | D84: =D83+1 -> 10
C85: (iii) Other Financial Assets | D85: =D84+1 -> 11
C86: (f) Deferred tax assets (net) | D86: =D85+1 -> 12
C87: (g) Tax assets (net) | D87: =D86+1 -> 13
C88: (h) Other non current assets | D88: =D87+1 -> 14
E89: =SUM(E77:E88) -> 0 | F89: =SUM(F77:F88) -> 0 | G89: =E89+F89 -> 0
B90: 2 | C90: Current assets
C91: (a) Inventories | D91: 15
C92: (b) Financial Assets
C93: (i) Current investments | D93: 8
C94: (ii) Trade receivables | D94: =D93+1 -> 9
C95: (iii) Cash and cash equivalents | D95: 16
C96: (iv) Bank Balances other (iii) above | D96: =D95+1 -> 17
C97: (v) Loans | D97: 10
C98: (vi) Other Financial Assets | D98: 11
C99: (c) Tax Assets (net) | D99: 13
C100: (d) Other current assets | D100: =D99+1 -> 14
E102: =SUM(E91:E100) -> 0 | F102: =SUM(F91:F100) -> 0 | G102: =E102+F102 -> 0
C104: Total | E104: =E89+E102 -> 0 | F104: =F89+F102 -> 0 | G104: =E104+F104 -> 0
B106: I. | C106: EQUITY AND LIABILITIES
C108: Equity
C109: (a) Equity Share capital | D109: 18
C110: (b) Other Equity | D110: =+D109+1 -> 19
E112: =SUM(E109:E110) -> 0 | F112: =F109+F110 -> 0 | G112: =G109+G110 -> 0
C113: LIABILITIES
B115: =+B108+1 -> 1 | C115: Non- current liabilities
C116: (a) Financial Liabilities
C117: (i) Borrowings | D117: =D110+1 -> 20
C118: (ii) Trade Payables | D118: =+D117+1 -> 21
C119: (iii) Other financial liabilities | D119: =+D118+1 -> 22
...

Sheet Impact-BS notes 16
B1: The State Trading Corporation of India Limited
B2: Notes to Financial Statements
B3: ='[64]BS 04.16'!A3 -> Branch/Division _______________
A4: ='[64]PPE 04.16'!A114+1 -> 8 | B4: Investments - Non Current | E4: ='[65]Impact-PPE'!F4 -> (Amount Rupees)
B5: Particulars | C5: Figures as per IGAAP Period Ended April 01, 2016 | D5: Adjustments | E5: Figures as per Ind AS Period Ended April 01, 2016
B7: TRADE INVESTMENTS
B9: Quoted Investments
B11: Unquoted Investments
B13: A. Investment in Equity instrument ~ Subsidiaries
B15: XXXXXXX (Fully paid up XXXX Equity shares of XXX each)
B17: Investment in Equity instruments ~ Subsidiaries/Associates/JV
B18: XXXXXXX (Fully paid up XXXX Equity shares of XXX each)
B21: B. Investment in Equity instrument ~ Associates
B23: XXXXXXX (Fully paid up XXXX Equity shares of XXX each)
B25: XXXXXXX (Fully paid up XXXX Equity shares of XXX each)
B26: Less Impairement in value of investments
B29: C. Investment in Equity instrument ~ Joint Ventures
... B48: Detail of wholly owned subsidiary
B50: Name of Subsidiary | C50: Principal Activity | D50: Place of Incorporation | E50: Ownership And/or Control
B51: XXXXXXXXXXXX
B53: Details of Associates
B54: Name of Associates | C54: Principal Activity | D54: Place of Incorporation | E54: Ownership And/or Control
B55: XXXXXXXXXX
B57: Details of Joint Venture
B58: Name of Joint Venture | C58: Principal Activity | D58: Place of Incorporation | E58: Ownership And/or Control
B59: XXXXXXXXXX
B60: XXXXXXXXXX
B61: XXXXXXXXXX
B62: XXXXXXXXXX
A64: =A4+1 -> 9 | B64: Trade Receivable - Non Current
B66: Particulars | C66: =C5 -> Figures as per IGAAP Period Ended April 01, 2016 | D66: Adjustments | E66: =E5 -> Figures as per Ind AS Period Ended April 01, 2016
B68: A. Trade receivable from related parties
B69: i. Secured ~ Considered good
B70: ii. Unsecured Considered good
B71: iii. Doubtful
B72: Sub-total
B73: Less : Allowance for bad and doubtful receivables
B74: Total (A)
B76: B. Long Term Trade Receivables
B77: i. Secured ~ Considered good
B78: ii. Unsecured Considered good
B79: iii. Considered doubtful
B80: Sub-total
... B87: Trade Receivables - Current
E88: =E463 -> (Amount in Rs.)
B89: Particulars | C89: =C464 -> Figures as per IGAAP Period Ended April 01, 2016 | D89: Adjustments | E89: =E66 -> Figures as per Ind AS Period Ended April 01, 2016
B91: A. Trade receivable from related parties
B92: i. Secured ~ Considered good
B93: ii. Unsecured Considered good
B94: iii. Doubtful
B95: Sub-total
B96: Less : Allowance for bad and doubtful receivables
B97: Total (A)
B99: B. Trade Receivables Outstanding for a period exceeding six months
B100: i. Secured, Considered good
B101: ii. Unsecured Considered good
B102: iii. Doubtful
B104: Less: Allowance for bad and doubtful debts
... B115: Total
A117: 10 | B117: Loans - Non Current
B118: Particulars | C118: =C66 -> Figures as per IGAAP Period Ended April 01, 2016 | D118: Adjustments | E118: =E501 -> Figures as per Ind AS Period Ended April 01, 2016
B119: A. Capital Advances
B120: I. Secured, considered good | C120: 0 | D120: 0 | E120: =C120-D120 -> 0
B121: II. Unsecured, considered good | C121: 0 | D121: 0 | E121: =C121+D121 -> 0
B122: III. Doubtful | C122: 0 | D122: 0 | E122: =C122+D122 -> 0
B123: Sub-total | C123: =SUM(C120:C122) -> 0 | D123: =SUM(D120:D122) -> 0 | E123: =SUM(C123:D123) -> 0
B124: Less: Allowance for bad and doubtful | C124: 0 | D124: 0 | E124: =C124+D124 -> 0
B125: (A) | C125: =+C123-C124 -> 0 | D125: =+D123-D124 -> 0 | E125: =C125+D125 -> 0
B126: B. Security Deposits
B127: I. Secured, considered good | C127: 0 | D127: 0 | E127: =C127+D127 -> 0
B128: II. Unsecured, considered good | C128: 0 | D128: 0 | E128: =C128+D128 -> 0
B129: III. Doubtful | C129: 0 | D129: 0 | E129: =C129+D129 -> 0
B130: Sub-total | C130: =SUM(C127:C129) -> 0 | D130: =+D127+D128+D129 -> 0 | E130: =C130+D130 -> 0
B131: Less: Allowance for bad and doubtful advances | C131: 0 | D131: 0 | E131: =C131+D131 -> 0
B132: (B) | C132: =+C130-C131 -> 0 | D132: 0 | E132: =C132+D132 -> 0
B134: C. Loan to Related Parties
B135: I. Secured, considered good | C135: 0 | D135: =-C135 -> 0 | E135: =C135+D135 -> 0
B136: II. Unsecured, considered good | C136: 0 | D136: 0 | E136: =C136+D136 -> 0
B137: III. Doubtful | C137: 0 | D137: 0 | E137: =C137+D137 -> 0
B138: Sub-total | C138: =SUM(C135:C137) -> 0 | D138: =SUM(D135:D137) -> 0 | E138: =C138+D138 -> 0
B139: Less: Allowance for bad and doubtful advances | C139: 0 | D139: 0 | E139: =C139+D139 -> 0
B140: (C) | C140: =+C138-C139 -> 0 | D140: =+D138-D139 -> 0 | E140: =C140+D140 -> 0
B142: D. Advance to employees
B143: I. Secured, considered good | C143: 0 | D143: 0 | E143: =C143+D143 -> 0
B144: II. Unsecured, considered good | C144: 0 | D144: 0 | E144: =C144+D144 -> 0
B145: III. Doubtful | C145: 0 | D145: 0 | E145: =C145+D145 -> 0
B146: Sub-total | C146: =SUM(C143:C145) -> 0 | D146: =SUM(D143:D145) -> 0 | E146: =C146+D146 -> 0
B147: Less: Allowance for bad and doubtful advances | C147: 0 | D147: 0 | E147: =C147+D147 -> 0
B148: (D) | C148: 0 | D148: 0 | E148: =C148+D148 -> 0
B150: E. Interest accrued on advance to employees
B151: I. Secured, considered good | C151: 0 | D151: =-C151 -> 0 | E151: =C151+D151 -> 0
B152: II. Unsecured, considered good | C152: 0 | D152: =-C152 -> 0 | E152: =C152+D152 -> 0
B153: III. Doubtful | C153: 0 | D153: 0 | E153: =C153+D153 -> 0
B154: Sub-total | C154: =SUM(C151:C153) -> 0 | D154: =SUM(D151:D153) -> 0 | E154: =C154+D154 -> 0
B155: Less: Allowance for bad and doubtful advances | C155: 0 | D155: 0 | E155: =C155+D155 -> 0
B156: (E) | C156: =C154-C155 -> 0 | D156: =D154-D155 -> 0 | E156: =C156+D156 -> 0
B158: F. Trade Advances
B159: I. Secured, considered good | C159: 0 | D159: =-C159 -> 0 | E159: =C159+D159 -> 0
B160: II. Unsecured, considered good | C160: 0 | D160: 0 | E160: =C160+D160 -> 0
B161: III. Doubtful | C161: 0 | D161: 0 | E161: =C161+D161 -> 0
...

Sheet Impact-PPE 16
B1: The State Trading Corporation of India Limited
B2: Notes to Financial Statements
B3: Branch/Division _______________
A4: 4 | B4: Property Plant and Equipment | F4: ='[65]Impact-P&L'!F4 -> (Amount Rupees)
B6: Particulars | C6: Amounts | D6: Figures as per Net block April 01, 2016 | E6: Adjustments | F6: Figures as per Ind As As At April 01, 2016
B8: Gross carrying Amounts of PPE:-
B9: Accumulated depreciation and impairment thereon
B11: Land freehold | C11: 0
B12: - Accumulated depreciation and impairment | C12: 0 | D12: =C11-C12 -> 0 | E12: 0 | F12: =D12+E12 -> 0
B14: Building freehold | C14: 0
B15: - Accumulated depreciation and impairment | C15: 0 | D15: =C14-C15 -> 0 | E15: 0 | F15: =D15+E15 -> 0
B18: Plant & Machinery | C18: 0
B19: - Accumulated depreciation and impairment | C19: 0 | D19: =C18+C19 -> 0 | E19: 0 | F19: =D19+E19 -> 0
B22: Furniture & Fittings | C22: 0
B23: - Accumulated depreciation and impairment | C23: 0 | D23: =C22+C23 -> 0 | E23: 0 | F23: =D23+E23 -> 0
B25: Motor Vehicle | C25: 0
B26: - Accumulated depreciation and impairment | C26: 0 | D26: =C25+C26 -> 0 | E26: 0 | F26: =D26+E26 -> 0
B28: Office Equipments | C28: 0
B29: - Accumulated depreciation and impairment | C29: 0 | D29: =C28+C29 -> 0 | E29: 0 | F29: =D29+E29 -> 0
B31: Computers, data processing units & communication equipment | C31: 0
B32: - Accumulated depreciation and impairment | C32: 0 | D32: =C31+C32 -> 0 | E32: 0 | F32: =D32+E32 -> 0
B34: Electrical Installations & Equipment | C34: 0
B35: - Accumulated depreciation and impairment | C35: 0 | D35: =C34+C35 -> 0 | E35: 0 | F35: =D35+E35 -> 0
B37: Roads, culverts & sewerage etc | C37: 0
B38: - Accumulated depreciation and impairment | C38: 0 | D38: =C37+C38 -> 0 | E38: 0 | F38: =D38+E38 -> 0
B40: Land leasehold | C40: 0
B41: - Accumulated depreciation and impairment | C41: 0 | D41: =C40+C41 -> 0 | E41: 0 | F41: =D41+E41 -> 0
B43: Building leasehold | C43: 0
B44: - Accumulated depreciation and impairment | C44: 0 | D44: =C43+C44 -> 0 | E44: 0 | F44: =D44+E44 -> 0
B46: Plant & Machinery Leasehold | C46: 0
B47: - Accumulated depreciation and impairment | C47: 0 | D47: =C46+C47 -> 0 | E47: 0 | F47: =D47+E47 -> 0
B50: Total | D50: =SUM(D12:D48) -> 0 | E50: =SUM(E12:E48) -> 0 | F50: =D50+E50 -> 0
B52: I. Impairment Losses recognised till date
D53: Rs Cr.
B54: Particulars | C54: Amount | D54: Residual Value
B56: XXXXXX | C56: 0 | D56: 0
B57: XXXXXX | C57: 0 | D57: 0
B58: Total | C58: =SUM(C56:C57) -> 0 | D58: =SUM(D56:D57) -> 0
A60: =A4+1 -> 5 | B60: Capital Work-in-Progress (CWIP)
B62: Particulars | C62: Amounts | D62: Net block April 01, 2016 | E62: Adjustments | F62: Deemed Cost as at April 01, 2016
B64: Office Building
B65: Accumulated depreciation and impairment thereon
B67: Plant & Equipment | C67: 0
B68: Accumulated depreciation and impairment thereon | C68: 0 | D68: =C67+C68 -> 0 | E68: 0 | F68: =D68+E68 -> 0
B70: Office Equipment | C70: 0
B71: Accumulated depreciation and impairment thereon | C71: 0 | D71: =C70+C71 -> 0 | E71: 0 | F71: =D71+E71 -> 0
B74: Total | D74: =SUM(D64:D73) -> 0 | E74: =SUM(E64:E73) -> 0 | F74: =D74+E74 -> 0
A76: =A60+1 -> 6 | B76: Investment Property
F77: ='[64]BS 04.16'!G4 -> (Amount in Rupees)
B78: Particulars | D78: =D6 -> Figures as per Net block April 01, 2016 | E78: Adjustments | F78: =F6 -> Figures as per Ind As As At April 01, 2016
B80: Freehold Land | D80: 0 | E80: 0 | F80: =D80+E80 -> 0
B81: Freehold Building | F81: =D81+E81 -> 0
B82: Leasehold Land | F82: =D82+E82 -> 0
B83: Leasehold Building | F83: =D83+E83 -> 0
B84: Total | D84: =SUM(D80:D83) -> 0 | E84: =SUM(E80:E83) -> 0 | F84: =SUM(F80:F83) -> 0
B86: Fair value measurement of investment properties for disclosure purposes
B87: Option 1
B88: The fair value of the company’s investment property as at April 1, 2016 has been arrived at on the basis of a valuation carried out on the respective dates by _________, independent valuers not related to the Company. _______ (valuer) are members of the Institute of Valuers of A Land, and they have appropriate qualifications and recent experience in the valuation of properties in the relevant locations. The fair value was determined [based on the market comparable approach that reflects recent transaction prices for similar properties/capitalisation of net income method, where the market rentals of all lettable units of the properties are assessed by reference to the rentals achieved in the lettable units as well as other lettings of similar properties in the neighbourhood. The capitalisation rate adopted is made by reference to the yield rates observed by the valuers for similar properties in the locality and adjusted based on the valuers’ knowledge of the factors specific to the respective properties/other methods (describe)]. In estimating the fair value of the properties, the highest and best use of the properties is their current use.
A90: =A76+1 -> 7 | B90: Other Intangible assets
B92: Particulars | C92: Amounts | D92: Net block April 01, 2016 | E92: Adjustments * | F92: Deemed Cost as at April 01, 2016
B94: Computer Software | C94: 0
B95: Accumulated amortization and impairment thereon | C95: 0 | D95: =C94+C95 -> 0 | E95: 0 | F95: =D95+E95 -> 0
B96: Total
A100: Head of Finance (Branch/C.O.) | C100: Branch Manager | E100: Internal Auditors

Sheet Impact-BS notes 17
B1: The State Trading Corporation of India Limited
B2: Notes to Financial Statements
B3: ='[64]BS 04.16'!A3 -> Branch/Division _______________
A4: ='[64]PPE 04.16'!A114+1 -> 8 | B4: Investments - Non Current | E4: ='[65]Impact-PPE'!F4 -> (Amount Rupees)
B5: Particulars | C5: Figures as per IGAAP Period Ended March 31, 2017 | D5: Adjustments | E5: Figures as per Ind AS Period Ended March 31, 2017
B7: TRADE INVESTMENTS
B9: Quoted Investments
B11: Unquoted Investments
B13: A. Investment in Equity instrument ~ Subsidiaries
B15: XXXXXXX (Fully paid up XXXX Equity shares of XXX each)
B17: Investment in Equity instruments ~ Subsidiaries/Associates/JV
B18: XXXXXXX (Fully paid up XXXX Equity shares of XXX each)
B21: B. Investment in Equity instrument ~ Associates
B23: XXXXXXX (Fully paid up XXXX Equity shares of XXX each)
B25: XXXXXXX (Fully paid up XXXX Equity shares of XXX each)
B26: Less Impairement in value of investments
B29: C. Investment in Equity instrument ~ Joint Ventures
... B48: Detail of wholly owned subsidiary
B50: Name of Subsidiary | C50: Principal Activity | D50: Place of Incorporation | E50: Ownership And/or Control
B51: XXXXXXXXXXXX
B53: Details of Associates
B54: Name of Associates | C54: Principal Activity | D54: Place of Incorporation | E54: Ownership And/or Control
B55: XXXXXXXXXX
B57: Details of Joint Venture
B58: Name of Joint Venture | C58: Principal Activity | D58: Place of Incorporation | E58: Ownership And/or Control
B59: XXXXXXXXXX
B60: XXXXXXXXXX
B61: XXXXXXXXXX
B62: XXXXXXXXXX
A64: =A4+1 -> 9 | B64: Trade Receivable - Non Current
B66: Particulars | C66: =C5 -> Figures as per IGAAP Period Ended March 31, 2017 | D66: Adjustments | E66: =E5 -> Figures as per Ind AS Period Ended March 31, 2017
B68: A. Trade receivable from related parties
B69: i. Secured ~ Considered good
B70: ii. Unsecured Considered good
B71: iii. Doubtful
B72: Sub-total
B73: Less : Allowance for bad and doubtful receivables
B74: Total (A)
B76: B. Long Term Trade Receivables
B77: i. Secured ~ Considered good
B78: ii. Unsecured Considered good
B79: iii. Considered doubtful
B80: Sub-total
... B87: Trade Receivables - Current
E88: =E463 -> (Amount in Rs.)
B89: Particulars | C89: =C464 -> Figures as per IGAAP Period Ended March 31, 2017 | D89: Adjustments | E89: =E66 -> Figures as per Ind AS Period Ended March 31, 2017
B91: A. Trade receivable from related parties
B92: i. Secured ~ Considered good
B93: ii. Unsecured Considered good
B94: iii. Doubtful
B95: Sub-total
B96: Less : Allowance for bad and doubtful receivables
B97: Total (A)
B99: B. Trade Receivables Outstanding for a period exceeding six months
B100: i. Secured, Considered good
B101: ii. Unsecured Considered good
B102: iii. Doubtful
B104: Less: Allowance for bad and doubtful debts
... B115: Total
A117: 10 | B117: Loans - Non Current
B118: Particulars | C118: =C66 -> Figures as per IGAAP Period Ended March 31, 2017 | D118: Adjustments | E118: =E501 -> Figures as per Ind AS Period Ended March 31, 2017
B119: A. Capital Advances
B120: I. Secured, considered good | C120: 0 | D120: 0 | E120: =C120-D120 -> 0
B121: II. Unsecured, considered good | C121: 0 | D121: 0 | E121: =C121+D121 -> 0
B122: III. Doubtful | C122: 0 | D122: 0 | E122: =C122+D122 -> 0
B123: Sub-total | C123: =SUM(C120:C122) -> 0 | D123: =SUM(D120:D122) -> 0 | E123: =SUM(C123:D123) -> 0
B124: Less: Allowance for bad and doubtful | C124: 0 | D124: 0 | E124: =C124+D124 -> 0
B125: (A) | C125: =+C123-C124 -> 0 | D125: =+D123-D124 -> 0 | E125: =C125+D125 -> 0
B126: B. Security Deposits
B127: I. Secured, considered good | C127: 0 | D127: 0 | E127: =C127+D127 -> 0
B128: II. Unsecured, considered good | C128: 0 | D128: 0 | E128: =C128+D128 -> 0
B129: III. Doubtful | C129: 0 | D129: 0 | E129: =C129+D129 -> 0
B130: Sub-total | C130: =SUM(C127:C129) -> 0 | D130: =+D127+D128+D129 -> 0 | E130: =C130+D130 -> 0
B131: Less: Allowance for bad and doubtful advances | C131: 0 | D131: 0 | E131: =C131+D131 -> 0
B132: (B) | C132: =+C130-C131 -> 0 | D132: 0 | E132: =C132+D132 -> 0
B134: C. Loan to Related Parties
B135: I. Secured, considered good | C135: 0 | D135: =-C135 -> 0 | E135: =C135+D135 -> 0
B136: II. Unsecured, considered good | C136: 0 | D136: 0 | E136: =C136+D136 -> 0
B137: III. Doubtful | C137: 0 | D137: 0 | E137: =C137+D137 -> 0
B138: Sub-total | C138: =SUM(C135:C137) -> 0 | D138: =SUM(D135:D137) -> 0 | E138: =C138+D138 -> 0
B139: Less: Allowance for bad and doubtful advances | C139: 0 | D139: 0 | E139: =C139+D139 -> 0
B140: (C) | C140: =+C138-C139 -> 0 | D140: =+D138-D139 -> 0 | E140: =C140+D140 -> 0
B142: D. Advance to employees
B143: I. Secured, considered good | C143: 0 | D143: 0 | E143: =C143+D143 -> 0
B144: II. Unsecured, considered good | C144: 0 | D144: 0 | E144: =C144+D144 -> 0
B145: III. Doubtful | C145: 0 | D145: 0 | E145: =C145+D145 -> 0
B146: Sub-total | C146: =SUM(C143:C145) -> 0 | D146: =SUM(D143:D145) -> 0 | E146: =C146+D146 -> 0
B147: Less: Allowance for bad and doubtful advances | C147: 0 | D147: 0 | E147: =C147+D147 -> 0
B148: (D) | C148: 0 | D148: 0 | E148: =C148+D148 -> 0
B150: E. Interest accrued on advance to employees
B151: I. Secured, considered good | C151: 0 | D151: =-C151 -> 0 | E151: =C151+D151 -> 0
B152: II. Unsecured, considered good | C152: 0 | D152: =-C152 -> 0 | E152: =C152+D152 -> 0
B153: III. Doubtful | C153: 0 | D153: 0 | E153: =C153+D153 -> 0
B154: Sub-total | C154: =SUM(C151:C153) -> 0 | D154: =SUM(D151:D153) -> 0 | E154: =C154+D154 -> 0
B155: Less: Allowance for bad and doubtful advances | C155: 0 | D155: 0 | E155: =C155+D155 -> 0
B156: (E) | C156: =C154-C155 -> 0 | D156: =D154-D155 -> 0 | E156: =C156+D156 -> 0
B158: F. Trade Advances
B159: I. Secured, considered good | C159: 0 | D159: =-C159 -> 0 | E159: =C159+D159 -> 0
B160: II. Unsecured, considered good | C160: 0 | D160: 0 | E160: =C160+D160 -> 0
B161: III. Doubtful | C161: 0 | D161: 0 | E161: =C161+D161 -> 0
...

Sheet Impact-PPE 17
B1: The State Trading Corporation of India Limited
B2: Notes to Financial Statements
A3: Branch/Division _______________
A4: 4 | B4: Property Plant and Equipment | F4: ='[65]Impact-P&L'!F4 -> (Amount Rupees)
B6: Particulars | C6: Amounts | D6: Figures as per Net block March 31, 2017 | E6: Adjustments | F6: Figures as per Ind As As At March 31, 2017
B8: Gross carrying Amounts of PPE:-
B9: Accumulated depreciation and impairment thereon
B11: Land freehold | C11: 0
B12: - Accumulated depreciation and impairment | C12: 0 | D12: =C11-C12 -> 0 | E12: 0 | F12: =D12+E12 -> 0
B14: Building freehold | C14: 0
B15: - Accumulated depreciation and impairment | C15: 0 | D15: =C14-C15 -> 0 | E15: 0 | F15: =D15+E15 -> 0
B18: Plant & Machinery | C18: 0
B19: - Accumulated depreciation and impairment | C19: 0 | D19: =C18+C19 -> 0 | E19: 0 | F19: =D19+E19 -> 0
B22: Furniture & Fittings | C22: 0
B23: - Accumulated depreciation and impairment | C23: 0 | D23: =C22+C23 -> 0 | E23: 0 | F23: =D23+E23 -> 0
B25: Motor Vehicle | C25: 0
B26: - Accumulated depreciation and impairment | C26: 0 | D26: =C25+C26 -> 0 | E26: 0 | F26: =D26+E26 -> 0
B28: Office Equipments | C28: 0
B29: - Accumulated depreciation and impairment | C29: 0 | D29: =C28+C29 -> 0 | E29: 0 | F29: =D29+E29 -> 0
B31: Computers, data processing units & communication equipment | C31: 0
B32: - Accumulated depreciation and impairment | C32: 0 | D32: =C31+C32 -> 0 | E32: 0 | F32: =D32+E32 -> 0
B34: Electrical Installations & Equipment | C34: 0
B35: - Accumulated depreciation and impairment | C35: 0 | D35: =C34+C35 -> 0 | E35: 0 | F35: =D35+E35 -> 0
B37: Roads, culverts & sewerage etc | C37: 0
B38: - Accumulated depreciation and impairment | C38: 0 | D38: =C37+C38 -> 0 | E38: 0 | F38: =D38+E38 -> 0
B40: Land leasehold | C40: 0
B41: - Accumulated depreciation and impairment | C41: 0 | D41: =C40+C41 -> 0 | E41: 0 | F41: =D41+E41 -> 0
B43: Building leasehold | C43: 0
B44: - Accumulated depreciation and impairment | C44: 0 | D44: =C43+C44 -> 0 | E44: 0 | F44: =D44+E44 -> 0
B46: Plant & Machinery Leasehold | C46: 0
B47: - Accumulated depreciation and impairment | C47: 0 | D47: =C46+C47 -> 0 | E47: 0 | F47: =D47+E47 -> 0
B50: Total | D50: =SUM(D12:D48) -> 0 | E50: =SUM(E12:E48) -> 0 | F50: =D50+E50 -> 0
B52: I. Impairment Losses recognised till date
D53: Rs Cr.
B54: Particulars | C54: Amount | D54: Residual Value
B56: XXXXXX | C56: 0 | D56: 0
B57: XXXXXX | C57: 0 | D57: 0
B58: Total | C58: =SUM(C56:C57) -> 0 | D58: =SUM(D56:D57) -> 0
A60: =A4+1 -> 5 | B60: Capital Work-in-Progress (CWIP)
B62: Particulars | C62: Amounts | D62: Net block March 31, 2017 | E62: Adjustments | F62: Deemed Cost as at March 31, 2017
B64: Office Building
B65: Accumulated depreciation and impairment thereon
B67: Plant & Equipment | C67: 0
B68: Accumulated depreciation and impairment thereon | C68: 0 | D68: =C67+C68 -> 0 | E68: 0 | F68: =D68+E68 -> 0
B70: Office Equipment | C70: 0
B71: Accumulated depreciation and impairment thereon | C71: 0 | D71: =C70+C71 -> 0 | E71: 0 | F71: =D71+E71 -> 0
B74: Total | D74: =SUM(D64:D73) -> 0 | E74: =SUM(E64:E73) -> 0 | F74: =D74+E74 -> 0
A76: =A60+1 -> 6 | B76: Investment Property
F77: ='[64]BS 04.16'!G4 -> (Amount in Rupees)
B78: Particulars | D78: 42825 | E78: Adjustments | F78: 42825
B80: Freehold Land | D80: 0 | E80: 0 | F80: =D80+E80 -> 0
B81: Freehold Building | F81: =D81+E81 -> 0
B82: Leasehold Land | F82: =D82+E82 -> 0
B83: Leasehold Building | F83: =D83+E83 -> 0
B85: Total | D85: =SUM(D80:D84) -> 0 | E85: =SUM(E80:E84) -> 0 | F85: =SUM(F80:F84) -> 0
B87: Fair value measurement of investment properties for disclosure purposes
B88: Option 1
B89: The fair value of the company’s investment property as at April 1, 2017 has been arrived at on the basis of a valuation carried out on the respective dates by _________, independent valuers not related to the Company. _______ (valuer) are members of the Institute of Valuers of A Land, and they have appropriate qualifications and recent experience in the valuation of properties in the relevant locations. The fair value was determined [based on the market comparable approach that reflects recent transaction prices for similar properties/capitalisation of net income method, where the market rentals of all lettable units of the properties are assessed by reference to the rentals achieved in the lettable units as well as other lettings of similar properties in the neighbourhood. The capitalisation rate adopted is made by reference to the yield rates observed by the valuers for similar properties in the locality and adjusted based on the valuers’ knowledge of the factors specific to the respective properties/other methods (describe)]. In estimating the fair value of the properties, the highest and best use of the properties is their current use.
A93: =A76+1 -> 7 | B93: Other Intangible assets
B95: Particulars | C95: Amounts | D95: Net block March 31, 2017 | E95: Adjustments * | F95: Deemed Cost as at March 31, 2017
B97: Computer Software | C97: 0
B98: Accumulated amortization and impairment thereon | C98: 0 | D98: =C97+C98 -> 0 | E98: 0 | F98: =D98+E98 -> 0
B100: Total | D100: =D98 -> 0 | E100: =SUM(E96:E98) -> 0 | F100: =D100+E100 -> 0
A104: Head of Finance (Branch/C.O.) | C104: Branch Manager | E104: Internal Auditors

Sheet Impact-PL Notes 17
A1: THE STATE TRADING CORPORATION OF INDIA LTD.
A2: Notes to accounts for the period ended March 31, 2017
A3: Branch/ Division :
A4: 25 | B4: Revenue From Operations | E4: ='[65]Impact-BS notes'!E4 -> (Amount Rupees)
B5: Particulars | C5: Figures as per I-GAAP For the period ended March 31, 2017 | D5: Ind AS Adjustments | E5: Figures as per Ind-AS For the period ended March 31, 2017
B6: (a) Sales
B7: Export
B8: Imported Goods
B9: Domestic
C10: =SUM(C7:C9) -> 0 | D10: =SUM(D7:D9) -> 0 | E10: =SUM(E7:E9) -> 0
B12: Inter Branch Stock despatch
B14: (b) Other operating revenue
B16: Exchange Fluctuation gain
B17: Claims:
B18: From Govt. of India
B19: From Insurance agencies
B20: Others *
B22: Total | C22: =SUM(C18:C21)+C10+C12 -> 0 | D22: =SUM(D18:D21)+D10+D12 -> 0 | E22: =SUM(E18:E21)+E10+E12 -> 0
A25: 26 | B25: Other Income
B26: Particulars | C26: =C5 -> Figures as per I-GAAP For the period ended March 31, 2017 | D26: Ind AS Adjustments | E26: =E5 -> Figures as per Ind-AS For the period ended March 31, 2017
A27: Interest on FD | B27: (a) Interest income:-
A28: Miscellaneous income | B28: Advance to Employees | C28: 0 | D28: 0 | E28: 0
A29: Trading Income | B29: Loan to subsidiaries
B30: Inter Corporate Deposits
B31: Term Deposits With Banks & its subsidiaries :
B32: - Deposits pledged / under Lien as margin money
B33: - Other Deposits
B34: Term Deposits With FIs & its subsidiaries:
B35: Interest on Investments
B36: Income Tax Refunds
B37: Interest on Trade Finance/Associates :
B38: - Interest on PCFC /EPC
B39: - Other than PCFC / EPC
B40: Other Miscellaneous interest
B42: (b) Miscellaneous income:-
... B49: Recoveries for common services from tenants
B50: Total | C50: =+SUM(C28:C49) -> 0 | D50: =+SUM(D28:D49) -> 0 | E50: =+SUM(E28:E49) -> 0
B51: Less: Expenses related to let out property
B52: Land & Development office charges@25%
B53: Property tax
B54: Municipal tax
B55: Electricity & Water charges
B56: Rates and Taxes
B57: Insurance Premium
B58: Maintenance Charges
B59: Administrative Expenses
B60: Total
B61: Net rental income | C61: =+C50-C60 -> 0 | D61: =+D50-D60 -> 0 | E61: =+E50-E60 -> 0
B63: (d) Other Receipts:-
B64: Difference in exchange other than commodity items | C64: 0 | D64: 0 | E64: 0
B65: Misc. non Trade receipts | C65: 0 | D65: 0 | E65: 0
B67: Total | C67: =+C61+C64+C65 -> 0 | D67: =+D61+D64+D65 -> 0 | E67: =+E61+E64+E65 -> 0
A69: 27 | B69: Cost of Materials consumed
B70: Particulars | C70: Figures as per I-GAAP For the period ended March 31, 2017 | D70: Adjustments | E70: Figures as per Ind AS For the period ended March 31, 2017
A71: Purchases | B71: Opening balance of material | C71: 0 | D71: 0 | E71: =C71+D71 -> 0
B72: Add: Purchases made during the period | C72: 0 | D72: 0 | E72: =C72+D72 -> 0
B73: Less: Closing balance of material | C73: 0 | D73: 0 | E73: =C73+D73 -> 0
E74: =C74+D74 -> 0
B75: TOTAL | C75: =SUM(C71:C73) -> 0 | D75: =SUM(D71:D73) -> 0 | E75: =C75+D75 -> 0
A77: 28 | B77: Purchase of Stock-in-Trade
B78: Particulars | C78: =C70 -> Figures as per I-GAAP For the period ended March 31, 2017 | D78: Adjustments | E78: =E70 -> Figures as per Ind AS For the period ended March 31, 2017
B80: Export Purchase | C80: 0 | D80: 0 | E80: 0
B81: Import Purchase | C81: 0 | D81: 0 | E81: 0
B82: Domestic Purchase | C82: 0 | D82: 0 | E82: 0
B83: Inter Branch Stock Receipt | C83: 0 | D83: 0 | E83: 0
B84: Freight -Road | C84: 0 | D84: 0 | E84: 0
B85: -Rail | C85: 0 | D85: 0 | E85: 0
B86: -Marine | C86: 0 | D86: 0 | E86: 0
B87: Freight Reimbursement | C87: 0 | D87: 0 | E87: 0
B88: Exchange fluctuation -loss | C88: 0 | D88: 0 | E88: 0
B89: Insurance - General | C89: 0 | D89: 0 | E89: 0
B90: - Marine | C90: 0 | D90: 0 | E90: 0
B91: - Self insurance | C91: 0 | D91: 0 | E91: 0
... B95: Octroi/Purchase Tax Reimbursement | C95: 0 | D95: 0 | E95: 0
B97: Total | C97: =SUM(C80:C95) -> 0 | D97: =SUM(D80:D95) -> 0 | E97: =SUM(E80:E95) -> 0
A99: 29 | B99: Changes in Inventory
B100: Particulars | C100: =C78 -> Figures as per I-GAAP For the period ended March 31, 2017 | D100: Adjustments | E100: =E78 -> Figures as per Ind AS For the period ended March 31, 2017
B101: A. Finished Goods
B102: At the beginning of period | C102: 0 | D102: 0 | E102: 0
B103: Less : At the end of period | C103: 0 | D103: 0 | E103: 0
B104: (A) | C104: 0 | D104: 0 | E104: 0
B106: B. Stock-In-Trade
B107: At the beginning of period | C107: 0 | D107: 0 | E107: 0
B108: Less : At the end of period | C108: 0 | D108: 0 | E108: 0
B109: (B) | C109: 0 | D109: 0 | E109: 0
A111: changes in inventory | B111: Changes in Inventory | C111: =C104+C109 -> 0 | D111: =D104+D109 -> 0 | E111: =E104+E109 -> 0
A113: 30 | B113: Employees' Benefit Expenses
B114: Particulars | C114: =C100 -> Figures as per I-GAAP For the period ended March 31, 2017 | D114: Adjustments | E114: =E100 -> Figures as per Ind AS For the period ended March 31, 2017
A115: Salary, Wages & Bonus | B115: (a) Remuneration to Staff & Managers
B116: Salaries and Allowances
A117: Contribution to Provident & Other Funds | B117: Provident fund
A118: Leave encashment expenses | B118: Employees pension scheme 95 (EPS 95)
A119: Workmen & Staff Welfare Expenses | B119: Bonus
B120: Performance Related Pay
B121: Welfare Expenses:
B122: - Medical Expenses on regular employees (OPD)
B123: - Medical Expenses on regular employees (IPD)
B124: - Medical Expenses on retired employees (OPD)
B125: - Medical Expenses on retired employees (IPD)
B126: - Medical Expenses on Actuary Liability
...

Sheet Disclosure 36-40
A1: ='Disclosure 36'!A1 -> STC of India Limited
A2: ='Disclosure 36'!A2 -> Branch/Division :
A3: Notes to Accounts for the year ended March 31st, 2020
A5: 36 | B5: Derivative Financial Instrutments
B6: Particulars | E6: For the year ended March 31, 2020 | G6: For the year ended March 31, 2019
B7: Assets:
B11: Liabilities:
B15: Bifurcation above derivative instrutments in current and non-current
A17: =A5+1 -> 37 | B17: Foreign Currency Exposure
B18: Particulars | C18: For the year ended March 31, 2020 | F18: For the year ended March 31, 2019
C19: Foreign Currency Denomination | D19: Amount in Foreign Currency | E19: Amount in indian Rupees | F19: Foreign Currency Denomination | G19: Amount in Foreign Currency | H19: Amount in indian Rupees
B20: A. Receivable :
B23: SubTotal (A)
B24: B. Payable :
B27: SubTotal (B)
A29: =A17+1 -> 38 | B29: Trade Payables
B30: The Company has amounts due to suppliers under The Micro, Small and Medium Enterprises Development Act, 2006, (MSMED Act) as under :
H31: (Amount Rs.)
B32: Particulars | G32: 2019-20 | H32: 2018-19
B33: Principal amount due to suppliers under MSMED Act, 2006
B34: Interest accrued and due to suppliers under MSMED Act on the above amount, unpaid
B35: Payment made to suppliers (other than interest) beyond the appointed day, during year
B36: Interest paid to suppliers under MSMED Act (other than Section 16)
B37: Interest paid to suppliers under MSMED Act (Section 16)
B38: Interest accrued and remaining unpaid at the end of each of the year to suppliers under MSMED Act
B39: Note :The information has been given in respect of such vendors to the extent they could be identified as micro, small and Medium enterprises on the basis of information available with the Company.
A41: =A29+1 -> 39 | B41: Disclosure in respect of Indian Accounting Standard (Ind AS)-37 "Provisions, Contingent Liabilities and Contingent Assets"
A43: (i) | B43: Provisions | G43: (Amount Rs.)
B44: Particulars | C44: Opening balance as on 01.04.19 | D44: Additions/ Transfers during the year | E44: Utilization during the year | F44: Adjustment during the year | G44: Written-back during the year | H44: Closing balance as on 31.03.20
B45: Contingencies | C45: =H52 -> 0
C46: =H53 -> 0
C47: =H54 -> 0
C48: =H55 -> 0
B49: Total
B51: Particulars | C51: Opening balance as on 01.04.18 | D51: Additions/ Transfers during the year | E51: Utilization during the year | F51: Adjustment during the year | G51: Written-back during the year | H51: Closing balance as on 31.03.19
B52: Contingencies
B56: Total
A58: (ii) | B58: Contingent Liabilities: | H58: (Amount Rs.)
B59: Particulars | G59: 31.03.2020 | H59: 31.03.2019
B60: Claims against the company not acknowledged as debt
B61: Guarantees excluding Financial Guarantee
B62: Other money for which the company is contingently liable
B63: Others, details required
B64: Total
A66: (iii) | B66: Contingent Assets:
B67: If it is probable that there will be inflow of the economic benefits, disclosure shall be made for contingent asset stating the brief description of the nature of the contingent asset. If possible, estimated financial effect shall also be disclosed.
H68: (Amount Rs.)
B69: Particulars | G69: 31.03.2020 | H69: 31.03.2019
B70: Claims
B71: Counter Claims
B72: Bills Receivable
B73: Advances
B74: Trade Receivables
B75: Excess Interest Charged by Banks (Normal & Penal)
B76: Others, details required
B77: Total
A79: =A41+1 -> 40 | B79: Commitments | H79: (Amount Rs.)
B80: Particulars | G80: =G69 -> 31.03.2020 | H80: =H69 -> 31.03.2019
B81: Capital Commitments :(Details to be provided hereunder)
B82: PPE
B83: Intangible Assets
B85: Total
B86: Other Commitments : (Details to be provided hereunder)
B90: Total

Sheet Disclosure 41
A1: ='Disclosure 36-40'!A1 -> STC of India Limited
A2: ='Disclosure 36-40'!A2 -> Branch/Division :
A3: ='Disclosure 36-40'!A3 -> Notes to Accounts for the year ended March 31st, 2020
A5: ='Disclosure 36-40'!A79+1 -> 41 | B5: Disclosures in respect of Ind AS 107 - Financial Instruments
A7: =+A5+0.1 -> 41.1 | B7: Financial Instruments by Categories
B8: The carrying value and fair value of financial instruments by categories were as follows:
B9: (a) As on March 31, 2020 | H9: (Amount Rs.)
B10: Particulars | D10: Amortized cost | E10: Financial assets/ liabilities at FVTPL | F10: Financial assets/liabilities at fair value through OCI | G10: Total carrying value | H10: Total fair value
B11: Financial Assets:
B12: Investments in Equity Instruments (Ref Note No. 8)
B13: Cash & Cash Equivalents (Ref Note No. 16)
B14: Bank Balances other than cash & cash equivalents (Ref Note No. 17)
B15: Trade Receivable (Ref Note No. 9)
B16: Employee Loans (Ref Note No. 10)
B17: Security Deposits(Ref Note No. 10)
B18: Other Financial Assets (Ref Note No. 11)
B19: Total | D19: =SUM(D12:D18) -> 0 | E19: =SUM(E12:E18) -> 0 | F19: =SUM(F12:F18) -> 0 | G19: =SUM(G12:G18) -> 0 | H19: =SUM(H12:H18) -> 0
B20: Finacial Liabilities:
B21: Trade Payable (Ref Note No. 21)
B22: Borrowings (Ref Note No. 20 & 22)
B23: Other Financial Liabilities (Ref Note No. 22)
B24: Total | D24: =SUM(D21:D23) -> 0 | E24: =SUM(E21:E23) -> 0 | F24: =SUM(F21:F23) -> 0 | G24: =SUM(G21:G23) -> 0 | H24: =SUM(H21:H23) -> 0
B26: (b) As on March 31, 2019 | H26: (Amount Rs.)
B27: Particulars | D27: Amortized cost | E27: Financial assets/ liabilities at FVTPL | F27: Financial assets/liabilities at fair value through OCI | G27: Total carrying value | H27: Total fair value
B28: Financial Assets:
B29: Investments in Equity Instruments (Ref Note No. 8)
B30: Cash & Cash Equivalents (Ref Note No. 16)
B31: Bank Balances other than cash & cash equivalents (Ref Note No. 17)
B32: Trade Receivable (Ref Note No. 9)
B33: Employee Loans (Ref Note No. 10)
B34: Security Deposits(Ref Note No. 10)
B35: Other Financial Assets (Ref Note No. 11)
B36: Total | D36: =SUM(D29:D35) -> 0 | E36: =SUM(E29:E35) -> 0 | F36: =SUM(F29:F35) -> 0 | G36: =SUM(G29:G35) -> 0 | H36: =SUM(H29:H35) -> 0
B37: Finacial Liabilities:
B38: Trade Payable (Ref Note No. 21)
B39: Borrowings (Ref Note No. 20 & 22)
B40: Other Financial Liabilities (Ref Note No. 22)
B41: Total | D41: =SUM(D38:D40) -> 0 | E41: =SUM(E38:E40) -> 0 | F41: =SUM(F38:F40) -> 0 | G41: =SUM(G38:G40) -> 0 | H41: =SUM(H38:H40) -> 0
B43: The carrying amounts of trade receivables, cash and cash equivalents, borrowings (short term credit), trade payables are considered to be the same as their fair values, due to their short-term nature.
A45: =A7+0.1 -> 41.2 | B45: Fair Value Hierarchy
B46: a) Level 1 - Level 1 hierarchy includes financial instruments measured using quoted prices (unadjusted) in active markets.
B47: b) Level 2 - Level 2 hierarchy includes financial instruments measured using inputs other than quoted prices included within Level 1 that are observable for the asset or liability, either directly (i.e. as prices) or indirectly (i.e. derived from prices).
B48: c) Level 3 - Level 3 hierarchy includes financial instruments measured using inputs that are not based on observable market data (unobservable inputs).
B50: The following table present fair value hierarchy of assets and liabilities measured at fair value :
B51: (a) As on March 31, 2020 | F51: (Amount Rs.)
B52: Particulars | C52: Level 1 | D52: Level 2 | E52: Level 3 | F52: Total | G52: Valuation Technique and key inputs | H52: Significant unobservable inputs
B53: Financial Assets
B54: Financial Investments at FVTPL
B55: Investment in Equity Instruments
B56: Investment in Equity Instruments
B57: Others (specify nature)
B58: Financial Investments at FVTOCI
B59: Investment in unquoted Equity Instruments
B60: Investment in unquoted Equity Instruments
B61: Others (specify nature)
B62: Derivatives designated as hedges
B63: Foreign exchange forward contracts
B64: Others (specify nature)
... B71: Total
B73: (a) As on March 31, 2019 | F73: (Amount Rs.)
B74: Particulars | C74: Level 1 | D74: Level 2 | E74: Level 3 | F74: Total | G74: Valuation Technique and key inputs | H74: Significant unobservable inputs
B75: Financial Assets
B76: Financial Investments at FVTPL
B77: Investment in Equity Instruments
B78: Investment in Equity Instruments
B79: Others (specify nature)
B80: Financial Investments at FVTOCI
B81: Investment in unquoted Equity Instruments
B82: Investment in unquoted Equity Instruments
B83: Others (specify nature)
B84: Derivatives designated as hedges
B85: Foreign exchange forward contracts
B86: Others (specify nature)
... B95: Assets and liabilities which are measured at amortized cost for which fair values are disclosed
B96: (a) As on March 31, 2020 | F96: (Amount Rs.)
B97: Particulars | C97: Level 1 | D97: Level 2 | E97: Level 3 | F97: Total | G97: Valuation Technique and key inputs | H97: Significant unobservable inputs
B98: Financial Assets
B99: Loans to employees
B100: Security deposits
B101: Others (specify nature)
B102: Total Financial Assets
B104: Financial Liabilities
B105: Borrowings
B106: Others (specify nature)
B107: Total Financial Liabilities
B109: (a) As on March 31, 2019 | F109: (Amount Rs.)
B110: Particulars | C110: Level 1 | D110: Level 2 | E110: Level 3 | F110: Total | G110: Valuation Technique and key inputs | H110: Significant unobservable inputs
B111: Financial Assets
B112: Loans to employees
B113: Security deposits
B114: Others (specify nature)
B115: Total Financial Assets
B117: Financial Liabilities
B118: Borrowings
B119: Others (specify nature)
B120: Total Financial Liabilities
A122: =A45+0.1 -> 41.3 | B122: Fair value of financial assets and financial liabilities measured at amortized cost
B123: Particulars | E123: 43921 | G123: 43555
E124: Carrying Amount | F124: Fair value | G124: Carrying Amount | H124: Fair value
B125: Financial Assets
...

Sheet Disclosure 42-45
A1: =Scrap!A1 -> STC of India Limited
A2: =Scrap!A2 -> Branch/Division :
A3: =Scrap!A3 -> Notes to Accounts for the year ended March 31st, 2020
A5: ='Disclosure 41'!A5+1 -> 42 | B5: Disclosure in respect of Indian Accounting Standard (Ind AS)-21 "The Effects of changes in Foreign Exchange Rates"
B6: The amount of exchange differences (net) debited/credited to the Statement of Profit & Loss Rs._____. (P.Y. Rs._____.)
A8: =A5+1 -> 43 | B8: Disclosure in respect of Indian Accounting Standard (Ind AS)-23 "Borrowing Costs"
B9: The amount capitalized with Property, Plant & Equipments as borrowing cost is Rs. ____ . & Rs. ____ . for the year ended March 31, 2020 & March 31, 2019 respectively.
A11: =A8+1 -> 44 | B11: Disclosure in respect of Indian Accounting Standard (Ind AS)-36 "Impairment of assets"
B12: During the year, the company assessed the impairment loss of Rs. ______ (P.Y. Rs._____.) on assets. Refer Note 32.
A14: =A11+1 -> 45 | B14: Disclosure in respect of Indian Accounting standard (Ind AS)-108: "Operating Segments"
A15: Operating Segments
A16: 1) | B16: Export
A17: 2) | B17: Import
A18: 3) | B18: Domestic
A20: Identification of Segments
A21: The Chief Operating Decision Maker monitors the operating results of its Business Segments separately for the purpose of making decisions about resource allocation and performance assessment. Segment performance is evaluated based on profit or loss and is measured consistently with profit or loss in the financial statements. Operating segments have been identified on the basis of the nature of products/services and have been identified as per the quantitative criteria specified in the Ind AS.
A23: Segment revenue and results
A24: The expenses and incomes which are not directly attributable to any business segment are shown as unallocable expenditure (net of unallocated income).
A26: Segment assets and liability
A27: Segment assets include all operating assets used by the operating segments and mainly consists of PPE, trade receivables, cash & cash equivalents and inventories. Segment liability primarily includes trade payables and other liabilities. Common assets and liabilities which can not be allocated to any of the segments are shown as a part of unallocable assets and liabilities.
A29: Intersegment Transfers
A30: Intersegment prices are normally negotiated among segments with reference to the cost, market price and business risk. Profit or loss on intersegment transfers are eliminated at the company level.
A32: Segment Revenues and Results
A33: (a) for the year ended March 31, 2020 | H33: (Amount Rs.)
A34: S. No. | B34: Particulars | D34: Export | E34: Import | F34: Domestic | G34: Unallocated | H34: Total
A35: 1 | B35: Segment Revenue
A36: 1(a) | B36: External Sales
A37: 1(b) | B37: Inter segment revenue
B38: Segment Revenue (1(a) +1 (b))
A39: 2 | B39: Segments Results
A40: 3 (a) | B40: Unallocated Corporate expenses net of unallocated income
A41: 3 (b) | B41: Interest Expense
A42: 3 (c) | B42: Interest Income
B43: Total [3(a)+3(b)+3(c )] | D43: =SUM(D40:D42) -> 0 | E43: =SUM(E40:E42) -> 0 | F43: =SUM(F40:F42) -> 0 | G43: =SUM(G40:G42) -> 0 | H43: =SUM(H40:H42) -> 0
A44: 4 | B44: Profit before tax from ordinary activities [(2)- 3(a ),(b) & (c )] | D44: =D39-D43 -> 0 | E44: =E39-E43 -> 0 | F44: =F39-F43 -> 0 | G44: =G39-G43 -> 0 | H44: =H39-H43 -> 0
A45: 5 | B45: Exceptional Items
A46: 6 | B46: Income taxes
A47: 7 | B47: Net Profit after tax (4)- (5) -(6) | D47: =D44-D45-D46 -> 0 | E47: =E44-E45-E46 -> 0 | F47: =F44-F45-F46 -> 0 | G47: =G44-G45-G46 -> 0 | H47: =H44-H45-H46 -> 0
A48: 8 | B48: Interest in results of JV's
A49: 9 | B49: Other Information :
A50: 9 (a) | B50: Segment Assets
A51: 9 (b) | B51: Segment Liabilities
A52: 9 (c) | B52: Capital Expenditure
A53: 9 (d) | B53: Depreciation
A54: 9 (e) | B54: Non-Cash expenses other than depreciation
A56: (b) for the year ended March 31, 2019 | H56: (Amount Rs.)
A57: S. No. | B57: Particulars | D57: Export | E57: Import | F57: Domestic | G57: Unallocated | H57: Total
A58: 1 | B58: Segment Revenue
A59: 1(a) | B59: External Sales
A60: 1(b) | B60: Inter segment revenue
B61: Segment Revenue [1(a) +1 (b)]
A62: 2 | B62: Segments Results
A63: 3 (a) | B63: Unallocated Corporate expenses net of unallocated income
A64: 3 (b) | B64: Interest Expense
A65: 3 (c) | B65: Interest Income
B66: Total [3(a)+3(b)+3(c )] | D66: =SUM(D63:D65) -> 0 | E66: =SUM(E63:E65) -> 0 | F66: =SUM(F63:F65) -> 0 | G66: =SUM(G63:G65) -> 0 | H66: =SUM(H63:H65) -> 0
A67: 4 | B67: Profit before tax from ordinary activities [(2)- 3(a ),(b) & (c )] | D67: =D62-D66 -> 0 | E67: =E62-E66 -> 0 | F67: =F62-F66 -> 0 | G67: =G62-G66 -> 0 | H67: =H62-H66 -> 0
A68: 5 | B68: Exceptional Items
A69: 6 | B69: Income taxes
A70: 7 | B70: Net Profit after tax [(4)- (5) -(6)] | D70: =D67-D68-D69 -> 0 | E70: =E67-E68-E69 -> 0 | F70: =F67-F68-F69 -> 0 | G70: =G67-G68-G69 -> 0 | H70: =H67-H68-H69 -> 0
A71: 8 | B71: Interest in results of JV's
A72: 9 | B72: Other Information :
A73: 9 (a) | B73: Segment Assets
A74: 9 (b) | B74: Segment Liabilities
A75: 9 (c) | B75: Capital Expenditure
A76: 9 (d) | B76: Depreciation
A77: 9 (e) | B77: Non-Cash expenses other than depreciation
A79: (ii) | B79: Information about major customers
A80: If revenues from transactions with a single external customer amount to 10 per cent or more of an entity’s revenues, the entity shall disclose that fact, the total amount of revenues from each such customer, and the identity of the segment or segments reporting the revenues. The same can be provided in the following format.
B81: For the year ended March 31, 2020 | H81: (Amount Rs.)
B82: Major Customer (customer having more than 10% revenue) | C82: Export | E82: Import | G82: Domestic
C83: Year ended March 31, 2020 | D83: Year ended March 31, 2019 | E83: Year ended March 31, 2020 | F83: Year ended March 31, 2019 | G83: Year ended March 31, 2020 | H83: Year ended March 31, 2019
B84: Total Revenue
B85: Name of Major Customer :
B86: 1
B87: 2
B88: 3
B89: % of Total Revenue | C89: =SUM(C86:C88)*100/C84 -> #DIV/0! | D89: =SUM(D86:D88)*100/D84 -> #DIV/0! | E89: =SUM(E86:E88)*100/E84 -> #DIV/0! | F89: =SUM(F86:F88)*100/F84 -> #DIV/0! | G89: =SUM(G86:G88)*100/G84 -> #DIV/0! | H89: =SUM(H86:H88)*100/H84 -> #DIV/0!

Sheet Disclosure 46
A1: NOTE NO. 46 :
A2: Disclosure as per IND AS 19 Employee Benefits
A4: (i) | B4: Defined Contribution plans:
B5: A. Pension
B6: Company has defined contribution pension plan for its existing employees in pursuance to the guidelines issued by the Department of Public Enterprises. In this regard STC Employees Defined Contribution Superannuation Pension Trust has been formed. Under the scheme the employer's contribution is 9% of basic pay VDA of eligible employees and the funds of the trust are managed by LIC. An employee leaves the company before completion of 15 years only employee avail the benefit of this scheme. In case the employee leaves the company before completion of 15 years only employee contribution along with interest is payable to him. However, this condition does not apply to the employees who join other CPSE having the same Pension Scheme. (Refer Note 30 for expense on this account).
A8: (i) Defined benefit plans:
B9: A. Provident fund
B10: Company pays fixed contribution to Provident Fund at pre determined rates to a separate trust, which invests the funds in permitted securities. The contribution to the fund for the year is recognised as expenses and is charged to the Statement of Profit & Loss.(Refer Note 30 for expenses on this account) The obligation of the Company is to make such fixed contribution and to ensure a minimum rate of return to the members as specified by the Government.
B12: B. Gratuity
B13: The Company has a defined benefit gratuity plan. Every employee who has rendered continuous service of five years or more is entitled to get gratuity at 15 days salary (15/26 x last drawn basic salary plus dearness allowance) for each completed year of service subject to a maximum of Rs. 20 lakhs on superannuation, resignation, termination, disablement or death.
B15: Based on the actuarial valuation, the following table sets out the status of the gratuity and the amounts recognised in the Company’s financial statements as at balance sheet date:
H16: (Amount in Rs.)
B17: Net defined benefit (asset)/liability : | E17: 31.03.2020 | G17: 31.03.2019
B18: Current
B19: Non-Current
B20: Total PBO at the End of year | E20: =+E18+E19 -> 0 | G20: =+G18+G19 -> 0
B22: Movement in net defined benefit (asset)/liability
H23: (Amount in Rs.)
A24: S.No. | B24: Particulars | C24: Defined Benefit Obligation | E24: Fair value of plan assets | G24: Net defined benefit (asset) liability
C25: 31.03.20 | D25: 31.03.19 | E25: 31.03.20 | F25: 31.03.19 | G25: 31.03.20 | H25: 31.03.19
A26: A | B26: Opening balance
A27: B | B27: Included in profit or loss:
A28: (i) | B28: Current service cost
A29: (ii) | B29: Past service cost
A30: (iii) | B30: Interest cost (income)
B31: Total amount recognised in profit or loss (i+ii+iii) | C31: =SUM(C28:C30) -> 0 | D31: =SUM(D28:D30) -> 0 | E31: =SUM(E28:E30) -> 0 | F31: =SUM(F28:F30) -> 0 | G31: =SUM(G28:G30) -> 0 | H31: =SUM(H28:H30) -> 0
A32: C | B32: Included in OCI:
B33: Remeasurement loss (gain):
B34: Actuarial loss (gain) arising from :
A35: (i) | B35: Financial assumptions
A36: (ii) | B36: Experience adjustment
A37: (iii) | B37: Return on plan assets excluding interest income
B38: Total amount recognised in other comprehensive income (i+ii+iii) | C38: =SUM(C35:C37) -> 0 | D38: =SUM(D35:D37) -> 0 | E38: =SUM(E35:E37) -> 0 | F38: =SUM(F35:F37) -> 0 | G38: =SUM(G35:G37) -> 0 | H38: =SUM(H35:H37) -> 0
A39: D | B39: Other
A40: E | B40: Contribution Paid to the Fund
A41: F | B41: Benefits paid
A42: G | B42: Closing balance (A+B+C+D+E+F) | C42: =+C26+C31+C38+C41 -> 0 | D42: =+D26+D31+D38+D41+D39 -> 0 | E42: =+E26-E30-E37+E41 -> 0 | F42: =+F26-F30-F37+F41+F40 -> 0 | G42: =+G26+G31+G38-G41+G39 -> 0 | H42: =+H26+H31+H38-H41+H39+H40 -> 0
B44: The Fair Value of Plan Assets at the end of the reporting period is as follows:-
H45: (Amount in Rs.)
A46: S.No. | B46: Particulars | E46: As at 31.03.2020 | G46: As at 31.03.2019
A47: (A) | B47: Balance with Bank
B48: SBI
B49: Yes Bank
B50: IDBI
B51: Total (A) | E51: =SUM(E48:E50) -> 0 | G51: =SUM(G48:G50) -> 0
A52: (B) | B52: Group Gratuity Traditional Fund Scheme
B53: Bajaj Allianz
B54: SBI Life
B55: HDFC Standard Life Insurance
B56: Total (B) | E56: =SUM(E53:E55) -> 0 | G56: =SUM(G53:G55) -> 0
B57: Grand Total (A+B) | E57: =+E56+E51 -> 0 | G57: =+G56+G51 -> 0
A59: C. Post-Retirement Medical Benefit Scheme (PRMB)
B60: The company has Post-Retirement Medical Facility (PRMF), under which retired employee and his/her spouse are eligible for medical facilities in the empanelled hospitals. They can also avail treatment as Out-Patient subject to a ceiling fixed by the Company. Post-retirement medical benefits are recognised in the books as per the actuarial valuation.
B61: As per Actuarial Valuation company's best estimates for FY 2019-2020 towards the Post Retirement Medical facility is Rs._____. (Rs._____. for 2017-2019) for on roll and retired employees.
B63: Based on the actuarial valuation , the following table sets out the status of the PRMB and the amounts recognised in the Company’s financial statements as at balance sheet date:
H64: (Amount in Rs.)
B65: Net defined benefit (asset)/liability : | E65: 31.03.2020 | G65: 31.03.2019
B66: Current
B67: Non-Current
B68: Total PBO at the End of year | E68: =+E66+E67 -> 0 | G68: =+G66+G67 -> 0
B70: Movement in net defined benefit (asset)/liability | H70: (Amount in Rs.)
A71: S.No. | B71: Particulars | C71: Defined Benefit Obligation | E71: Fair value of plan assets | G71: Net defined benefit (asset) liability
C72: 31.03.20 | D72: 31.03.19 | E72: 31.03.20 | F72: 31.03.19 | G72: 31.03.20 | H72: 31.03.19
A73: A | B73: Opening balance
A74: B | B74: Included in profit or loss:
A75: (i) | B75: Current service cost
A76: (ii) | B76: Past service cost
A77: (iii) | B77: Interest cost (income)
B78: Total amount recognised in profit or loss | C78: =SUM(C75:C77) -> 0 | D78: =SUM(D75:D77) -> 0 | G78: =+C78-E78 -> 0 | H78: =+D78-F78 -> 0
A79: C | B79: Included in OCI:
B80: Remeasurement loss (gain):
B81: Actuarial loss (gain) arising from :
A82: (i) | B82: Financial assumptions
A83: (ii) | B83: Experience adjustment
A84: (iii) | B84: Return on plan assets excluding interest income
B85: Total amount recognised in other comprehensive income | C85: =SUM(C82:C84) -> 0 | D85: =SUM(D82:D84) -> 0 | E85: 0 | F85: 0 | G85: =+C85-E85 -> 0 | H85: =+D85-F85 -> 0
A86: D | B86: Other
A87: E | B87: Benefits paid
A88: F | B88: Closing balance (A+B+C+D+E) | C88: =+C73+C78+C85+C87 -> 0 | D88: =+D73+D78+D85+D87 -> 0 | E88: 0 | F88: 0 | G88: =+G73+G78+G85+G87 -> 0 | H88: =+H73+H78+H85+H87 -> 0
A90: D. Leave
B91: The Company provides for Earned Leave (EL) and Half Pay Leave (HPL) benefit to the employees of the Company which acRsue annually at 30 days and 20 days respectively. The maximum ceiling for encashment of leave at time of superannuation/cessation from service other than on disciplinary ground shall be limited to 300 days (EL & HPL combined). 50% of EL subject to a maximum 150 days is en-cashable on resignation. EL is en-cashable while in service leaving a minimum balance of 15 days twice in a year.
B92: As per Actuarial Valuation company's best estimates for FY 2019-2020 towards the earned leave is Rs._____. (Rs._____ for 2018-19) and half pay leave is Rs._____. (Rs._____ for 2018-19)
B94: Earned Leave | H94: (Amount in Rs.)
B95: Net defined benefit (asset)/liability : | E95: 31.03.2020 | G95: 31.03.2019
B96: Current
B97: Non-current
B98: Total PBO at the End of year | E98: =SUM(E96:E97) -> 0 | G98: =SUM(G96:G97) -> 0
B100: Movement in net defined benefit (asset)/liability | H100: (Amount in Rs.)
A101: S.NO. | B101: Particulars | C101: Defined Benefit Obligation | E101: Fair value of plan assets | G101: Net defined benefit (asset) liability
C102: 31.03.20 | D102: 31.03.19 | E102: 31.03.20 | F102: 31.03.19 | G102: 31.03.20 | H102: 31.03.19
A103: A | B103: Opening balance
A104: B | B104: Included in profit or loss:
A105: (i) | B105: Current service cost
A106: (ii) | B106: Past service cost
A107: (iii) | B107: Interest cost (income)
A108: C | B108: Remeasurement loss (gain):
B109: Actuarial loss (gain) arising from :
A110: (i) | B110: Financial assumptions
A111: (ii) | B111: Experience adjustment
A112: (iii) | B112: Return on plan assets excluding interest income
...

Sheet Disclosure 47-49
A1: ='Disclosure 42-45'!A1 -> STC of India Limited
A2: ='Disclosure 42-45'!A2 -> Branch/Division :
A3: ='Disclosure 42-45'!A3 -> Notes to Accounts for the year ended March 31st, 2020
A5: 47. Disclosure in respect of Indian Accounting Standard 24 "Related Parties Disclosures"
A6: a. List of Related Party
A7: Name of related party | G7: Type of Relationship | I7: Remarks
A8: A. Subsidiaries
A10: B. Joint Ventures
A12: C. Associates
A14: D. Key Managerial Personnel (KMP)
A17: E. Post employment Benefit Trusts
A19: F. Entities under the control of the same Government
A22: b) Transactions with the related parties are as follows:
A24: Subsidiaries and Joint Venture Companies | G24: Subsidiaries | I24: Joint Venture Companies
A25: Particulars | G25: 2019-20 | H25: 2018-19 | I25: 2019-20 | J25: 2018-19
A26: Rent Received (Rs.)
A27: Others
A29: Compensation to Key Management Personnel | J29: (Amount Rs.)
A30: Particulars | G30: For the year ended March 31, 2020 | I30: For the year ended March 31, 2019
A31: Short-term Employee benefits
A32: Post-employment benefits
A33: Termination benefits
A34: Other long-term benefits
A35: Share-based payments
A36: Total
A38: E. Post employment Benefit Trusts
A39: Particulars | E39: The STC of India Ltd. Employees Provident Fund Trust | G39: STC Employee Defined Contribution Superannuation Pension Trust | I39: The STC Gratuity Fund Trust
E40: 2019-20 | F40: 2018-19 | G40: 2019-20 | H40: 2018-19 | I40: 2019-20 | J40: 2018-19
A41: STC Contribution for the year
A42: Outstanding Balance at the end of the Year with STC
A44: Transactions with the Related Parties under the control of the same Government | J44: (Amount Rs.)
A45: S. No. | B45: Name of the Govt. Deptt. / Govt. entity | F45: Nature of relationship with Entity | H45: Nature of Transaction | I45: 2019-20 | J45: 2018-19
A51: c) Outstanding balances with related parties are as follows: | J51: (Amount Rs.)
A52: Particulars | G52: 43921 | I52: 43555
A53: Amount recoverable towards loans :
A54: - From Subsidiaries
A55: - From Joint Ventures
A56: - From Key Managerial personnel
A57: - From Others
A58: Amount recoverable other than loans :
A59: - From Subsidiaries
A60: - From Joint Ventures
A61: - From Key Managerial personnel
A62: - From Post employment benefit plans
A63: Amount Payable
A64: - From Subsidiaries
... A69: d) Individually Significant Transactions :
A70: Particulars | F70: Nature of realtionship | G70: 43921 | I70: 43555
A75: e. Loans to and from related parties | J75: (Amount Rs.)
A76: Particulars | E76: Name of Related Party | G76: Name of Related Party | I76: Name of Related Party
E77: 2019-20 | F77: 2018-19 | G77: 2019-20 | H77: 2018-19 | I77: 2019-20 | J77: 2018-19
A78: Loans at beginning of the year
A79: Loan advanced
A80: Repayment received
A81: Interest charged
A82: Interest received
A83: Balance at end of the year including interest
A85: f. Loans to and from Key Management Personnel | J85: (Amount Rs.)
A86: Particulars | E86: Name of Related Party | G86: Name of Related Party | I86: Name of Related Party
E87: =E77 -> 2019-20 | F87: =F77 -> 2018-19 | G87: =G77 -> 2019-20 | H87: =H77 -> 2018-19 | I87: =I77 -> 2019-20 | J87: =J77 -> 2018-19
A88: Loans at beginning of the year
A89: Loan advanced
A90: Repayment received
A91: Interest charged
A92: Interest received
A93: Balance at end of the year including interest
A95: g. Loans Conditions need to be specified
A96: h. Commitments to Related Parties need to be given
A98: 48. DISCLOSURE AS PER IND AS 27 ‘SEPARATE FINANCIAL STATEMENTS’
A99: a) Investment in Subsidiaries:
A100: Company Name | E100: Country of Incorporation | G100: Proportion of Ownership
G101: 31st March 2020 | I101: 31st March 2019
A102: STCL Limited | E102: India
A104: b) Investment in Joint Venture Entities/Associates:
A105: Company Name | D105: Status of the Company (Active, Dormant, Defunct as per ROC ) | E105: Whether JV/Associates | F105: Country of Incorporation | G105: Proportion of Ownership
G106: 31st March 2020 | I106: 31st March 2019
A107: NSS Satupura Development Company Limited
A108: Richfield
A109: Aquatech Ltd.
A110: Blue Gold Maritech Ltd.
A111: National Tannery Company Ltd.
A112: Indopirin Gloves Limited.
A113: Note : Copy of the status as on 31.03.2020 as per Registrar of co's records is to be attached.
A115: 49 | B115: Disclosure in respect of Indian Accounting standard (Ind AS) 116 "Leases"
A116: 49.1 | B116: As lessee
B117: Particulars | G117: For the year ended March 31, 2020 | I117: For the year ended March 31, 2019
B118: Depreciation charged for right to use asset
B119: Interest expense on lease liability
B120: Expense related to short term lease (less than 12 months)
B121: Income from sub leasing right to use assets
B122: total cashoutflow for leases
B123: adittions to right to use assets
B124: gain or losses arising from sale and leaseback transactions
B125: the carrying amount of right to use assets at the end of reporting period by class of underlying asset
B127: Brief of the Property :
B128: Nature of lesses's leasing activities:
B129: Variable lease payments:
B130: extension and termination options:
... B135: sale and lease back transactions:
A137: 49.2 | B137: As lessor
...

Sheet Disclosure 50-52
A1: ='Disclosure 47-49'!A1 -> STC of India Limited
A2: ='Disclosure 47-49'!A2 -> Branch/Division :
A3: ='Disclosure 47-49'!A3 -> Notes to Accounts for the year ended March 31st, 2020
A5: ='Disclosure 47-49'!A115+1 -> 50 | B5: Disclosure in respect of Indian Accounting Standard (Ind AS)-33 "Earnings Per Share(EPS)"
A6: a) | B6: Basic EPS
B7: The earnings and weighted average number of ordinary shares used in the calculation of basic EPS is as follows:
E8: (Amount in Rs.)
B9: Particulars | D9: For the year ended March 31, 2020 | E9: For the year ended March 31, 2019
B10: Face Value Per Equity Share (Rs.)
B11: Profit (loss) for the year, attributable to the owners of the company (A)
B12: Weighted average number of ordinary shares for the purpose of basic earnings per share(B)
B13: Basic EPS (A/B)
A15: b) | B15: Diluted EPS
B16: The earnings and weighted average number of ordinary shares used in the calculation of Diluted EPS is as follows:
E17: (Amount in Rs.)
B18: Particulars | D18: =D9 -> For the year ended March 31, 2020 | E18: =E9 -> For the year ended March 31, 2019
B19: Profit (loss) for the year, attributable to the owners of the company (A)
B20: Weighted average number of ordinary shares for the purpose of basic earnings per share(B)
B21: Diluted EPS (A/B)
A23: =A5+1 -> 51 | B23: Dividends
B24: Particulars | D24: =D18 -> For the year ended March 31, 2020 | E24: =E18 -> For the year ended March 31, 2019
B25: (i) No. of Equity Shares
B26: (ii) Dividends not recognised at the end of reporting period.
A28: =A23+1 -> 52 | B28: Assets Pledged as Security
B29: Particulars | D29: =D24 -> For the year ended March 31, 2020 | E29: =E24 -> For the year ended March 31, 2019
B30: Current/Non-current
B31: Financial/Non-Financial Assets
B32: First Charge/Floating Charge

Sheet Revenue Income
B1: Disclosure Requirements as per Ind AS 115
B2: Revenue Recognition
B3: Income
A4: 1 | B4: Sales :
B5: Exports | H5: Status of Revenue Recognition
B6: Contract No. | C6: Date | D6: Name of the Party | E6: Commodity | F6: Quantity | G6: Value (Rs) | H6: Unrecognized Amount | I6: Recognized Amount | J6: Pending Performance of the Contract
A7: 1
A8: =+A7+1 -> 2
A9: =+A8+1 -> 3
A10: =+A9+1 -> 4
B11: Total
B13: Imports | H13: Status of Revenue recognition
B14: Contract No. | C14: Date | D14: Name of the Party | E14: Commodity | F14: Quantity | G14: Value (Rs) | H14: Unrecognized Amount | I14: Recognized Amount | J14: Pending Performance of the Contract
A15: 1
A16: =+A15+1 -> 2
A17: =+A16+1 -> 3
A18: =+A17+1 -> 4
B19: Total
B21: Domestic | H21: Status of Revenue recognition
B22: Contract No. | C22: Date | D22: Name of the Party | E22: Commodity | F22: Quantity | G22: Value (Rs) | H22: Unrecognized Amount | I22: Recognized Amount | J22: Pending Performance of the Contract
A23: 1
A24: =+A23+1 -> 2
A25: =+A24+1 -> 3
A26: =+A25+1 -> 4
B27: Total
B29: Other Operating Revenue
B32: Rental Income | H32: Status of Revenue recognition
A33: 1 | B33: Contract No. | C33: Date | D33: Name of the Party | E33: Period of Tenancy | F33: Area Let out (M | G33: Rate per Square Meter | H33: Unrecognized Amount | I33: Recognized Amount | J33: Recovery of Common Services
B38: Other Receipts | H38: Status of Revenue recognition
A39: 1 | B39: Contract No. | C39: Date | D39: Name of the Party | H39: Unrecognized Amount | I39: Recognized Amount

Sheet Rev. Exp.
A1: Revenue Exp.
A3: Other Revenue exp
A4: Other Operating Exp.
A9: Administrative expenses
A13: Housing Colony Expenses
A14: Security charges
A15: Housekeeping
A17: Maintenace of office Building
A22: Other Misc. Charges
A23: Security charges
A24: Housekeeping
A25: Others
... A29: Adv. & Publicity

Sheet Scrap
A1: ='Disclosure 41'!A1 -> STC of India Limited
A2: ='Disclosure 41'!A2 -> Branch/Division :
A3: ='Disclosure 41'!A3 -> Notes to Accounts for the year ended March 31st, 2020
A5: ='Disclosure 41'!A5+1 -> 42 | B5: Disclosure in respect of Indian Accounting Standard (Ind AS)-21 "The Effects of changes in Foreign Exchange Rates"
B6: The amount of exchange differences (net) debited/credited to the Statement of Profit & Loss Rs._____. (P.Y. Rs._____.)
A8: =A5+1 -> 43 | B8: Disclosure in respect of Indian Accounting Standard (Ind AS)-23 "Borrowing Costs"
B9: The amount capitalized with Property, Plant & Equipments as borrowing cost is Rs. ____ . & Rs. ____ . for the year ended March 31, 2019 & March 31, 2018 respectively.
A11: =A8+1 -> 44 | B11: Disclosure in respect of Indian Accounting Standard (Ind AS)-36 "Impairment of assets"
B12: During the year, the company assessed the impairment loss of Rs. ______ (P.Y. Rs._____.) on assets. Refer Note 32.
A14: =A11+1 -> 45 | B14: Disclosure as per Ind AS-19 "Employee Benefits"
B15: (i) Defined Contribution Plans:
B16: A. Pension
B17: Company has defined contribution pension plan for its existing employees in pursuance to the guidelines issued by the Department of Public Enterprises. In this regard STC Employees Defined Contribution Superannuation Pension Trust has been formed. Under the scheme the employer's contribution is 9% of basic pay VDA of eligible employees and the funds of the trust are mangered by LIC. An employee leaves the company before completion of 15 years only employee avail the benefit of this scheme. In case the employee leaves the company before completion of 15 years only employee conribution alongiwht interest is payable to him. However, this condition does not apply to the employees who join other CPSE having the same Pension Scheme. (Refer Note 30 for expense on this account).
B19: (i) Defined Benefit Plans:
B20: a) | C20: Provident Fund:
C21: Company pays fixed contribution to Provident Fund at pre determined rates to a separate trust, which invests the funds in permitted securities. The contribution to the fund for the year is recognised as expenses and is charged to the Statement of Profit & Loss.(Refer Note 30 for expenses on this account) The obligation of the Company is to make such fixed contribution and to ensure a minimum rate of return to the members as specified by the Government.
B23: b) | C23: Gratuity:
C24: The Company has a defined benefit gratuity plan. Every employee who has rendered continuous service of five years or more is entitled to get gratuity at 15 days salary (15/26 x last drawn basic salary plus dearness allowance) for each completed year of service subject to a maximum of Rs. 20 lakhs on superannuation, resignation, termination, disablement or death.
B26: c) | C26: Post-Retirement Medical Facility (PRMF):
C27: The company has Post-Retirement Medical Facility (PRMF), under which retired employee and his/her spouse are eligible for medical facilities in the empanelled hospitals. They can also avail treatment as Out-Patient subject to a ceiling fixed by the Company. Post-retirement medical benefits are recognised in the books as per the actuarial valuation.
C28: As per Actuarial Valuation company's best estimates for FY 2017-2018 towards the Post Retirement Medical facility is Rs._____Cr. (Rs._____Cr. for 2016-2017) for on roll and retired employees.
B29: d) | C29: Leave:
C30: The Company provides for Earned Leave (EL) and Half Pay Leave (HPL) benefit to the employees of the Company which accrue annually at 30 days and 20 days respectively. The maximum ceiling for encashment of leave at time of superannuation/cessation from service other than on disciplinary ground shall be limited to 300 days (EL & HPL combined). 50% of EL subject to a maximum 150 days is en-cashable on resignation. EL is en-cashable while in service leaving a minimum balance of 15 days twice in a year.
C31: As per Actuarial Valuation company's best estimates for FY 2017-2018 towards the earned leave is Rs._____Cr. (Rs._____Cr. for 2016-2017) and half pay leave is Rs._____Cr. (Rs._____Cr. for 2016-2017)
B33: e) | C33: Other Benefits:
C34: Service awards are given to regular employees for rendering continuous service in the Company for long service rendered by them on completion of 15/25/30/35/38 years of service. Besides this, service award @ Rs. 1,000/- per year for each completed year of service is also given at the time of retirement subject to a maximum of Rs. 30,000/-.
C35: As per Actuarial Valuation company's best estimates for FY 2017-2018 is Rs._____Cr. (Rs._____Cr. for 2016-2017) for on roll employees.
B37: f) | C37: Pension:
C38: Company has defined contribution pension plan for its existing employees in pursuance to the guidelines issued by the Department of Public Enterprises. In this regard STC Employees Defined Contribution Superannuation Pension Trust has been formed. Under the scheme the employer’s contribution is 9% of basic pay plus VDA of eligible employees and the funds of the trust are managed by LIC.

Sheet Annexure to note 45
A1: =Scrap!A1 -> STC of India Limited
A2: =Scrap!A2 -> Branch/Division :
A3: =Scrap!A3 -> Notes to Accounts for the year ended March 31st, 2020
B5: The summarized position of various defined benefits recognized in the Statement of Profit & Loss, Other Comprehensive Income (OCI) and Balance Sheet & other disclosures are as under:
I6: (Amount Rs.)
B7: Particulars | D7: Gratuity | E7: Pension | F7: Provident Fund | G7: PRMF | H7: Earned Leave | I7: Half Pay Leave | J7: Other
D8: (Funded) | G8: (Non Funded)
B9: Defined Benefit Obligation | C9: C.Y.
C10: P.Y.
B11: Fair Value of Plan Assets | C11: C.Y.
C12: P.Y.
B13: Funded Status [Surplus/(Deficit)] | C13: C.Y.
C14: P.Y.
B15: Effect of asset ceiling | C15: C.Y.
C16: P.Y.
B17: Net Defined Benefit Assets/(Liabilities) | C17: C.Y.
C18: P.Y.
B20: Movement in defined benefit obligation | I20: (Amount Rs.)
B21: Particulars | D21: Gratuity | E21: Pension | F21: Provident Fund | G21: PRMF | H21: Earned Leave | I21: Half Pay Leave | J21: Other
D22: (Funded) | G22: (Non Funded)
B23: Defined benefit obligation - Beginning of the year | C23: C.Y.
C24: P.Y.
B25: Current service cost | C25: C.Y.
C26: P.Y.
B27: Interest Cost | C27: C.Y.
C28: P.Y.
B29: Benefits Paid | C29: C.Y.
C30: P.Y.
B31: Re-measurements - actuarial loss/(gain) | C31: C.Y.
C32: P.Y.
B33: Defined benefit obligation – End of the year | C33: C.Y.
C34: P.Y.
B36: Movement in plan asset | E36: (Amount Rs.)
B37: Particulars | D37: Gratuity | E37: Pension | F37: Provident Fund
D38: (Funded) | E38: (Funded) | F38: (Funded)
B39: Fair value of plan assets at beginning of year | C39: C.Y.
C40: P.Y.
B41: Interest income | C41: C.Y.
C42: P.Y.
B43: Employer contributions | C43: C.Y.
C44: P.Y.
B45: Benefits paid | C45: C.Y.
C46: P.Y.
B47: Re-measurements - Actuarial (loss)/ gain | C47: C.Y.
C48: P.Y.
B49: Re-measurements – Return on plan assets greater/(less) than discount rate | C49: C.Y.
C50: P.Y.
B51: Fair value of plan assets at end of year | C51: C.Y.
C52: P.Y.
B54: Amount Recognized in Statement of Profit and Loss | I54: (Amount Rs.)
B55: Particulars | D55: Gratuity | E55: Pension | F55: Provident Fund | G55: PRMF | H55: Earned Leave | I55: Half Pay Leave | J55: Other
D56: (Funded) | G56: (Non Funded)
B57: Current service cost | C57: C.Y.
C58: P.Y.
B59: Past Service Cost – Plan Amendment | C59: C.Y.
C60: P.Y.
B61: Curtailment cost/(credit) | C61: C.Y.
C62: P.Y.
B63: Settlement cost/(credit) | C63: C.Y.
C64: P.Y.
B65: Service Cost (A) | C65: C.Y.
C66: P.Y.
B67: Net Interest on Net Defined Benefit Liability/(assets) (B) | C67: C.Y.
C68: P.Y.
B69: Cost Recognized in P&L (A+B) | C69: C.Y.
C70: P.Y.
B72: Amount recognized in Other Comprehensive Income (OCI) | I72: =I54 -> (Amount Rs.)
B73: Particulars | D73: Gratuity | E73: Pension | F73: Provident Fund | G73: PRMF | H73: Earned Leave | I73: Half Pay Leave | J73: Other
D74: (Funded) | G74: (Non Funded)
B75: Actuarial (gain)/loss due to DBO Experience | C75: C.Y.
C76: P.Y.
B77: Actuarial (gain)/loss due to assumption changes | C77: C.Y.
C78: P.Y.
B79: Actuarial (gain)/loss arising during the period (A) | C79: C.Y.
C80: P.Y.
B81: Return on Plan assets (greater)/less than discount rate (B) | C81: C.Y.
C82: P.Y.
B83: Actuarial (gain)/loss recognized in OCI (A+B) | C83: C.Y.
C84: P.Y.
B86: Sensitivity Analysis | H86: (Amount Rs. as on March 31, 2018)
B87: Assumption | C87: Change in Assumption | D87: Gratuity | E87: Pension | F87: Provident Fund | G87: PRMF | H87: Earned Leave | I87: Half Pay Leave | J87: Other
D88: (Funded) | G88: (Non Funded)
B89: Discount rate | C89: 0.005 | D89: XXX | G89: XXX | H89: XXX | I89: XXX
C90: -0.005 | D90: XXX | G90: XXX | H90: XXX | I90: XXX
B91: Salary growth rate | C91: 0.01 | D91: XXX | G91: - | H91: XXX | I91: -
C92: -0.01 | D92: XXX | G92: - | H92: XXX | I92: -
B93: Price inflation rate | C93: 0.01 | D93: - | G93: - | H93: - | I93: XXX
C94: -0.01 | D94: - | G94: - | H94: - | I94: XXX
B95: Medical inflation rate | C95: 0.01 | D95: - | G95: XXX | H95: - | I95: -
C96: -0.01 | D96: - | G96: XXX | H96: - | I96: -
B97: Mortality rate | C97: + 3years | D97: - | G97: XXX | H97: - | I97: -
C98: -3 years | D98: - | G98: XXX | H98: - | I98: -
H100: (Amount Rs. as on March 31, 2017)
B101: Assumption | C101: Change in Assumption | D101: Gratuity | E101: Pension | F101: Provident Fund | G101: PRMF | H101: Earned Leave | I101: Half Pay Leave | J101: Other
D102: (Funded) | G102: (Non Funded)
B103: Discount rate | C103: 0.005 | D103: XXX | G103: XXX | H103: XXX | I103: XXX
C104: -0.005 | D104: XXX | G104: XXX | H104: XXX | I104: XXX
B105: Salary growth rate | C105: 0.01 | D105: XXX | G105: - | H105: XXX | I105: -
C106: -0.01 | D106: XXX | G106: - | H106: XXX | I106: -
B107: Price inflation rate | C107: 0.01 | D107: - | G107: - | H107: - | I107: XXX
...
